 Dungeon Crawl Stone Soup version 0.31.0-11-ge490571c62 (webtiles) character file.

Game seed: 1546423869159803909

50 qw the Shooter (level 3, 0/18 HPs)
             Began as a Spriggan Hunter on Feb 3, 2024.
             Slain by an orc
             ... wielding a +0 club
              (3 damage)
             ... on level 3 of the Dungeon.
             The game lasted 00:00:39 (2018 turns).

qw the Shooter (Spriggan Hunter)                    Turns: 2018, Time: 00:00:39

Health: 0/18       AC:  2    Str:  7    XL:     3   Next: 55%
Magic:  4/4        EV: 19    Int: 10    God:
Gold:   63         SH:  0    Dex: 20    Spells: 2/2 levels left

rFire   . . .        a - +0 shortbow (flame)
rCold   . . .        (shield currently unavailable)
rNeg    . . .        c - +0 robe
rPois   .            (helmet restricted)
rElec   .            (no cloak)
rCorr   .            (gloves unavailable)
SInv    +            (boots unavailable)
Will    .....        (no amulet)
Stlth   ++           (no ring)
HPRegen 0.23/turn    (no ring)
MPRegen 0.09/turn

%: no passive effects
@: very quick
A: very small, no large weapons, unfitting armour, see invisible, speed 3
a: no special abilities


You were on level 3 of the Dungeon.
You visited 1 branch of the dungeon, and saw 3 of its levels.

You collected 63 gold pieces.


Innate Abilities, Weirdness & Mutations

You are very small and have problems with some larger weapons.
You are too small for most types of armour.
You have supernaturally acute eyesight. (SInv)
You cover ground extremely quickly. (Speed+++)


   Skills:
 - Level 1.5 Fighting
 + Level 4.8 Ranged Weapons
 - Level 4.0 Dodging
 - Level 1.5 Stealth


You had 2 spell levels left.
You didn't know any spells.
Your spell library was empty.

Inventory:

Hand Weapons
 a - a +0 shortbow of flaming (weapon)
Armour
 c - a +0 robe (worn)
Potions
 b - a potion of curing
 d - a potion of might {unknown}
 e - a potion of cancellation

Dungeon Overview and Level Annotations

Branches:
Dungeon (3/15)

Altars:

Shops:
D:1 *   D:2 :

Annotations:
D:3 Jessica


Message History

Enter note:
Enter note:
Enter note:
Enter note:
There is an open door here.
There is a stone staircase leading down here.
You climb downwards.
There is a stone staircase leading up here.
1988 ||| RETREEEEATING.
A frilled lizard comes into view.
The orc throws a boomerang.
The boomerang hits you.
1989 ||| FLEEEEING.
There is a stone staircase leading up here.
1990 ||| STAIRDANCE You climb upwards.
There is a stone staircase leading down here.
You start resting.
HP restored.
You climb downwards.
Level annotation: Jessica The hobgoblin hits you.
The adder barely misses you. The endoplasm freezes you.
You are frozen.
The endoplasm freezes you.
You are frozen.
The hobgoblin hits you. The adder completely misses you.
There is a stone staircase leading up, spattered with blood here.
2015 ||| RETREEEEATING.
The endoplasm attacks as it pursues you!
The endoplasm misses you. The orc attacks as it pursues you!
The orc misses you. The endoplasm closely misses you.
2016 ||| RETREEEEATING.
Found a stone staircase leading down.
You shoot an arrow. The arrow barely misses the orc priest.
The orc priest looks braver for a moment.
The adder barely misses you.
You shoot an arrow.
The arrow closely misses the orc priest.
The orc misses you. The endoplasm freezes you.
You are frozen.
The endoplasm misses you. The orc hits you with a +0 club.
You die...

..# .##..#
..#..## ......>
#.... ###..#
##?o..#
#######o@S..##
#......oJJ...#
#.......g.<..#
#....$)......#
#............#
##<..#........#
#####...###...#
#...# #...#
....# .@..


You could see an orc priest, an adder, 2 orcs, 2 endoplasms and a hobgoblin.

Vanquished Creatures
  2 ribbon worms (D:2)
  2 dart slugs
  An orc (D:2)
  4 ball pythons
  An endoplasm (D:2)
  A giant cockroach (D:2)
  5 goblins
  3 hobgoblins
  5 kobolds
  6 bats
  5 frilled lizards
  2 rats
37 creatures vanquished.

Notes
Turn   | Place    | Note
-------+----------+-------------------------------------------
     0 | D:1      | qw the Spriggan Hunter began the quest for the Orb.
     0 | D:1      | Reached XP level 1. HP: 10/10 MP: 2/2
     0 | D:1      | 0 ||| qw: Version: 0.3-a-155-g5e7d8dd
     0 | D:1      | 0 ||| qw: Game counter: 3484
     0 | D:1      | 0 ||| qw: Melee chars always use a shield: true
     0 | D:1      | 0 ||| qw: God list: Okawaru
     0 | D:1      | 0 ||| qw: Allow faded altars: false
     0 | D:1      | 0 ||| qw: Do Orc after clearing Dungeon:15 true
     0 | D:1      | 0 ||| qw: Do second Lair branch before Depths: true
     0 | D:1      | 0 ||| qw: Lair rune preference: random
     0 | D:1      | 0 ||| qw: Goals: Normal
     0 | D:1      | 0 ||| PLANNING D:1-11
    47 | D:1      | Reached skill level 3 in Dodging
    78 | D:1      | Found Vogog's Assorted Antiques.
    87 | D:1      | 87 ||| SHOPLISTING 2 ruby potions (36 gold, have 17).
    87 | D:1      | 87 ||| SHOPLISTING runed shortbow (120 gold, have 17).
    87 | D:1      | 87 ||| SHOPLISTING scroll labelled CIELAN HAAQ (20 gold,
                  | have 17).
    87 | D:1      | 87 ||| SHOPLISTING scroll labelled ZUFAKLITRA (20 gold,
                  | have 17).
   232 | D:1      | Reached XP level 2. HP: 14/14 MP: 3/3
   320 | D:1      | You fall into a shaft and drop 1 floor!
   351 | D:2      | 351 ||| READING scroll labelled LINEUHOMNO.
   351 | D:2      | 351 ||| BRANDING +0 shortbow.
   352 | D:2      | 352 ||| READING scroll labelled ZUMIYW CEEZ.
   453 | D:2      | 453 ||| READING scroll labelled GASOFY YGOTUYL.
   453 | D:2      | 453 ||| IDENTIFYING glowing golden potion
   454 | D:2      | 454 ||| DROPPING scroll of butterflies.
   455 | D:2      | 455 ||| DROPPING potion of invisibility.
   462 | D:2      | 462 ||| STAIRDANCE
   901 | D:1      | 901 ||| READING scroll of identify.
   901 | D:1      | 901 ||| IDENTIFYING brown potion
   902 | D:1      | 902 ||| READING scroll labelled BIYNNUE OKIPUSCHA.
   903 | D:1      | 903 ||| READING scroll labelled TEXOUN UPUESI.
   904 | D:1      | 904 ||| DRINKING 2 inky potions.
  1056 | D:2      | Reached XP level 3. HP: 18/18 MP: 4/4
  1057 | D:2      | 1057 ||| FLEEEEING.
  1059 | D:2      | 1059 ||| FLEEEEING.
  1061 | D:2      | 1061 ||| FLEEEEING.
  1063 | D:2      | 1063 ||| FLEEEEING.
  1065 | D:2      | 1065 ||| FLEEEEING.
  1199 | D:2      | Found Ufan Moss's Book Shoppe.
  1857 | D:3      | 1857 ||| STAIRDANCE
  1864 | D:2      | HP: 1/18 [orc/+0 morningstar (7)]
  1987 | D:3      | Noticed Jessica
  1988 | D:3      | 1988 ||| RETREEEEATING.
  1989 | D:3      | 1989 ||| FLEEEEING.
  1990 | D:3      | 1990 ||| STAIRDANCE
  2015 | D:3      | 2015 ||| RETREEEEATING.
  2016 | D:3      | 2016 ||| RETREEEEATING.
  2018 | D:3      | HP: 3/18 [frozen (3)]
  2018 | D:3      | Slain by an orc

Levels and vault maps discovered:
D:1:      dpeg_arrival_tiny_j, layout_basic, serial_shops, shop,
          minmay_gold_behind_fungi
D:2:      layout_basic, serial_shops, nicolae_shop_just_a_little_nook
D:3:      minmay_inner_zag, layout_rooms, nicolae_yredelemnul_corpse_copse,
          dreamdust_wishing_well, hangedman_decor_push,
          kennysheep_generic_room_15, uniq_sigmund, uniq_jessica

Skill      XL: |  1  2 |
---------------+-------+-----
Dodging        | 3 4 |  4.0
Fighting       | |  1.5
Ranged Weapons | |  4.8
Stealth        | |  1.5

Action                     || total
---------------------------++-------
   Fire: Shortbow          ||    76
    Use: Scroll            ||     6
         Potion            ||     1
 Armour: Robe              ||     9
  Dodge: Dodged            ||    20

Table legend:
 A = Non-vault XP
 B = Vault XP
 C = Vault XP percentage of total XP
 D = Non-vault monster count
 E = Vault monster count
 F = Vault count percentage of total count
                 A         B        C        D         E       F
            +---------+---------+-------+---------+---------+-------
      Total |      72 |       0 |   0.0 |      37 |       0 |   0.0
            +---------+---------+-------+---------+---------+-------
        D:1 |      30 |       0 |   0.0 |      17 |       0 |   0.0
        D:2 |      41 |       0 |   0.0 |      19 |       0 |   0.0
        D:3 |       1 |       0 |   0.0 |       1 |       0 |   0.0
            +---------+---------+-------+---------+---------+-------
